 Dungeon Crawl Stone Soup version 0.26.1-11-gd32895ea62 (webtiles) character file.

Game seed: 17365710084960209780

119 broquaint the Protected (level 5, -2/40 HPs)
             Began as a Gnoll Wanderer on July 3, 2021.
             Killed by nerve-wracking pain
             ... invoked by Grinder
              (13 damage)
             ... on level 3 of the Dungeon.
             The game lasted 00:09:07 (2603 turns).

broquaint the Protected (Gnoll Wanderer)            Turns: 2603, Time: 00:09:08

Health: -2/40      AC: 10    Str: 18    XL:     5   Next: 3%
Magic:  6/6        EV: 10    Int: 13    God:
Gold:   153        SH:  0    Dex: 13    Spells: 6/6 levels left

rFire    . . .     SeeInvis .   l - +2 spear (vorpal)
rCold    . . .     Faith    .   (no shield)
rNeg     . . .     Spirit   .   d - +2 scale mail
rPois    .         Reflect  .   (no helmet)
rElec    .         Harm     .   k - scarf {repulsion}
rCorr    .         Rampage  .   (no gloves)
Will     .....                  (no boots)
Stlth    ..........             (no amulet)
HPRegen  0.13/turn              (no ring)
MPRegen  0.10/turn              (no ring)

@: repel missiles
A: distributed training, fangs 1, strong nose
a: no special abilities


You were on level 3 of the Dungeon.
You visited 1 branch of the dungeon, and saw 3 of its levels.

You collected 153 gold pieces.

Inventory:

Hand Weapons
 h - a +1 dagger of pain
 i - a +4 dagger of pain
 l - a +2 vorpal spear (weapon)
Missiles
 f - 33 poisoned darts (quivered)
Armour
 d - a +2 scale mail (worn)
 j - a +0 cloak
 k - a scarf of repulsion (worn)
Jewellery
 g - an uncursed ring of ice
Wands
 c - a wand of random effects (37)
Scrolls
 a - a scroll of random uselessness {unknown}
 b - 3 scrolls of teleportation
 e - 4 scrolls of identify
 n - a scroll of amnesia {unknown}
 q - 3 scrolls of remove curse {unknown}
Potions
 m - a potion of mutation
 o - a potion of curing
 p - a potion of heal wounds
 r - a potion of degeneration {unknown}
 s - 2 potions of brilliance {unknown}


   Skills:
 + Level 2.8 Fighting
 + Level 1.3 Short Blades
 + Level 1.3 Long Blades
 + Level 4.7 Axes
 + Level 1.3 Maces & Flails
 + Level 1.3 Polearms
 + Level 1.3 Staves
 + Level 1.3 Slings
 + Level 1.3 Bows
 + Level 1.3 Crossbows
 + Level 2.8 Throwing
 + Level 10.4 Armour
 + Level 1.3 Dodging
 + Level 1.3 Stealth
 + Level 1.3 Shields
 + Level 1.3 Unarmed Combat
 + Level 1.3 Spellcasting
 + Level 1.0 Conjurations
 + Level 1.0 Hexes
 + Level 1.0 Summonings
 + Level 1.0 Necromancy
 + Level 1.0 Translocations
 + Level 1.0 Transmutations
 + Level 1.0 Fire Magic
 + Level 1.0 Ice Magic
 + Level 1.0 Air Magic
 + Level 1.0 Earth Magic
 + Level 1.0 Poison Magic
 + Level 1.4 Invocations
 + Level 2.8 Evocations


You had 6 spell levels left.
You didn't know any spells.
Your spell library was empty.

Dungeon Overview and Level Annotations

Branches:
Dungeon (3/15)

Altars:
Cheibriados

Annotations:
D:3 Grinder


Innate Abilities, Weirdness & Mutations

Your experience applies equally to all skills.
You have very sharp teeth.
Your uncanny sense of smell can sniff out nearby items.


Message History

You hit Grinder but do no damage.
Grinder is moderately wounded.
Grinder closely misses you.
You closely miss Grinder.
Grinder is moderately wounded.
Grinder hits you.
You writhe in agony.
* * * LOW HITPOINT WARNING * * *
You hit Grinder.
Grinder is heavily wounded.
Grinder blinks!
You see here a poisoned dart.
You closely miss Grinder.
Grinder is heavily wounded.
Grinder gestures at you. You resist with significant effort.
You closely miss Grinder. Your bite misses Grinder.
Grinder is heavily wounded.
Grinder gestures at you. Pain shoots through your body!
You die...

### # #.# ### #.# #.. ..#
#.# ### #.# #.# .... #####5#
# ###.# #.... #..((@#
#.######.... '....##.#####
#.....##.#.# #.......#
#........#.. #.......######
#.###.####.. #............#
#...........
.......#####.##.....#.#..#.#
##..########'######.#.......
.... #.........# # #.#.##.#
....##.........# #'#.....


You could see Grinder.

Vanquished Creatures
  A worker ant (D:3)
  3 adders
  2 oozes
  5 dart slugs
  A leopard gecko (D:3)
  An orc (D:3)
  7 bats
  A giant cockroach (D:1)
  5 hobgoblins
  A quokka (D:2)
  4 frilled lizards
  7 goblins
  7 kobolds
  7 rats
52 creatures vanquished.

Notes
Turn   | Place    | Note
-------+----------+-------------------------------------------
     0 | D:1      | Reached skill level 10 in Armour
     0 | D:1      | broquaint the Gnoll Wanderer began the quest for the Orb.
     0 | D:1      | broquaint set off with the following items: a +0 club, a
                  | scroll of teleportation, a wand of random effects (15), a
                  | +2 scale mail
     0 | D:1      | Reached XP level 1. HP: 17/17 MP: 1/1
   209 | D:1      | Reached XP level 2. HP: 11/23 MP: 2/2
   919 | D:1      | Reached XP level 3. HP: 28/28 MP: 3/3
  1021 | D:2      | Reached skill level 1 in Invocations
  1143 | D:2      | Noticed an orc warrior
  1446 | D:2      | Reached skill level 1 in Short Blades
  1446 | D:2      | Reached skill level 1 in Long Blades
  1446 | D:2      | Reached skill level 1 in Maces & Flails
  1446 | D:2      | Reached skill level 1 in Polearms
  1446 | D:2      | Reached skill level 1 in Staves
  1446 | D:2      | Reached skill level 1 in Slings
  1446 | D:2      | Reached skill level 1 in Bows
  1446 | D:2      | Reached skill level 1 in Crossbows
  1446 | D:2      | Reached skill level 1 in Dodging
  1446 | D:2      | Reached skill level 1 in Stealth
  1446 | D:2      | Reached skill level 1 in Shields
  1446 | D:2      | Reached skill level 1 in Unarmed Combat
  1446 | D:2      | Reached skill level 1 in Spellcasting
  1558 | D:2      | Found a snail-covered altar of Cheibriados.
  1598 | D:2      | Reached XP level 4. HP: 34/34 MP: 5/5
  2202 | D:3      | Reached skill level 1 in Conjurations
  2202 | D:3      | Reached skill level 1 in Hexes
  2202 | D:3      | Reached skill level 1 in Summonings
  2202 | D:3      | Reached skill level 1 in Necromancy
  2202 | D:3      | Reached skill level 1 in Translocations
  2202 | D:3      | Reached skill level 1 in Transmutations
  2202 | D:3      | Reached skill level 1 in Fire Magic
  2202 | D:3      | Reached skill level 1 in Ice Magic
  2202 | D:3      | Reached skill level 1 in Air Magic
  2202 | D:3      | Reached skill level 1 in Earth Magic
  2202 | D:3      | Reached skill level 1 in Poison Magic
  2460 | D:3      | Reached XP level 5. HP: 39/40 MP: 6/6
  2579 | D:3      | Noticed Grinder
  2603 | D:3      | Killed from afar by Grinder

Illustrated notes

Levels and vault maps discovered:
D:1:      dpeg_arrival_shelter, layout_loops_ring
D:2:      layout_rooms, nicolae_overflow_hidden_temple
D:3:      layout_basic, uniq_grinder

Skill      XL: |  1  2  3  4 |
---------------+-------------+-----
Armour         | | 10.4
Invocations    | 1 |  1.4
Short Blades   | 1 |  1.3
Long Blades    | 1 |  1.3
Maces & Flails | 1 |  1.3
Polearms       | 1 |  1.3
Staves         | 1 |  1.3
Slings         | 1 |  1.3
Bows           | 1 |  1.3
Crossbows      | 1 |  1.3
Dodging        | 1 |  1.3
Stealth        | 1 |  1.3
Shields        | 1 |  1.3
Unarmed Combat | 1 |  1.3
Spellcasting   | 1 |  1.3
Conjurations   | 1 |  1.0
Hexes          | 1 |  1.0
Summonings     | 1 |  1.0
Necromancy     | 1 |  1.0
Translocations | 1 |  1.0
Transmutations | 1 |  1.0
Fire Magic     | 1 |  1.0
Ice Magic      | 1 |  1.0
Air Magic      | 1 |  1.0
Earth Magic    | 1 |  1.0
Poison Magic   | 1 |  1.0
Fighting       | |  2.8
Axes           | |  4.7
Throwing       | |  2.8
Evocations     | |  2.8

Action                   |  1- 3 |  4- 6 || total
-------------------------+-------+-------++-------
Melee: Dagger            |    74 |       ||    74
       Bite              |    10 |     5 ||    15
       Club              |     3 |       ||     3
       Mace              |     2 |       ||     2
       Punch             |     1 |     1 ||     2
       Spear             |    23 |    62 ||    85
Throw: Dart              |       |    11 ||    11
Evoke: Wand              |     1 |     2 ||     3
  Use: Scroll            |       |     4 ||     4
Armor: Scale mail        |    44 |    30 ||    74
Dodge: Dodged            |    48 |    28 ||    76
       Repelled          |     1 |       ||     1
